 Seeded DCSS version 0.29-a0-393-g47a863cc1b (webtiles) character file.

Game seed: 14875320075521095149 (custom seed)

10 zeratav the Digger (level 2, -1/17 HPs)
             Began as an Octopode Earth Elementalist on May 9, 2022.
             Frozen to death by an endoplasm (3 damage)
             ... on level 1 of the Dungeon.
             The game lasted 00:00:34 (527 turns).

zeratav the Digger (Octopode Earth Elementalist)     Turns: 527, Time: 00:00:35

Health: -1/17      AC:  1    Str:  7    XL:     2   Next: 20%
Magic:  5/5        EV: 13    Int: 17    God:
Gold:   21         SH:  0    Dex: 12    Spells: 4/5 levels left

rFire   . . .      SeeInvis .   f - +4 dagger (venom) {short}
rCold   . . .      Faith    .   (no shield)
rNeg    . . .      Spirit   .   (helmet restricted)
rPois   .          Reflect  .   (no amulet)
rElec   .          Harm     .   (no ring)
rCorr   .          Rampage  .   (no ring)
Will    .....                   (no ring)
Stlth   +++.......              (no ring)
HPRegen 0.05/turn               (no ring)
MPRegen 0.09/turn               (no ring)
                                (no ring)
                                (no ring)

@: no status effects
A: almost no armour, amphibious, 8 rings, camouflage 1, gelatinous body 1,
(nimble swimmer 1), tentacles
a: no special abilities


You were on level 1 of the Dungeon.
You visited 1 branch of the dungeon, and saw 1 of its levels.

You collected 21 gold pieces.


Innate Abilities, Weirdness & Mutations

You cannot wear most types of armour.
You are amphibious.
You can wear up to eight rings at the same time.
Your skin changes colour to match your surroundings (Stealth+).
Your rubbery body absorbs attacks. (AC +1, EV +1)
((You are camouflaged when in or above water. (Stealth+)))
You have tentacles for arms and can constrict up to eight enemies at once.


   Skills:
 - Level 2.0 Dodging
 - Level 2.6 Stealth
 + Level 2.2 Spellcasting
 - Level 1.0 Transmutations
 * Level 3.4 Earth Magic


You had 4 spell levels left.
You knew the following spells:

 Your Spells              Type           Power      Damage    Failure   Level
a - Sandblast             Erth           26%        2d8       4%          1

Your spell library contained the following spells:

 Spells                   Type           Power      Damage    Failure   Level
 Passwall                 Tmut/Erth      7%         N/A       12%         2
 Stone Arrow              Conj/Erth      14%        3d7       28%         3
 Petrify                  Tmut/Erth      9%         N/A       58%         4

Inventory:

Hand Weapons
 f - a +4 dagger of venom (weapon) {short}
   (You took it off a kobold on level 1 of the Dungeon)
Missiles
 a - 26 stones {throwing}
Scrolls
 e - a scroll of poison {unknown}
 h - a scroll of identify {unknown}
Potions
 b - a potion of magic
 c - 2 potions of haste {unknown}
 d - a potion of mutation {unknown}

Dungeon Overview and Level Annotations

Branches:
Dungeon (1/15)

Altars:

# .... #. ...... # #....#.
...... ######
.......##....!.. #.....
.....#.......... #.....
................ #[....
#.............#####'####
#..BJ.....##.........
#...@†#....#.........
####....).....#..⌠...⌠..
..............#.........
####.....#....+....<....
#.......>..#.........
#..........#..⌠...⌠..
###.#......#.........
#....##..#.........
#########..#..#..#####+####


You could see an endoplasm and a giant cockroach.


Message History

Your +4 dagger of venom {short} begins to drip with poison!
f - a +4 dagger of venom (weapon)
{short} You now have 21 gold pieces (gained 8).
h - a scroll labelled EFUCZA MEPP
Found a stone staircase leading down.
You drop a +0 dagger {short}.
You see here a +0 dagger {short}.
A goblin comes into view. It is wielding a +0 dagger.
A goblin is nearby!
A goblin is nearby!
The goblin shouts!
An endoplasm and a jackal come into view.
The jackal moves out of view.
You hit the goblin.
The goblin is poisoned.
You grab the goblin. You constrict the goblin.
A jackal comes into view. x2
The goblin misses you.
The jackal moves out of view.
You barely miss the goblin. You constrict the goblin.
You kill the goblin!
A giant cockroach comes into view.
An endoplasm comes into view.
The giant cockroach moves out of view.
The endoplasm quivers.
The jackal barks! x2
The jackal barks!
The endoplasm hits you. The jackal closely misses you.
HP[-1]
You take 1 damage, and now have 10/11 hp.
You hit the jackal but do no damage.
The jackal is poisoned.
You grab the jackal.
You squeeze the jackal, but do no damage.
You constrict the jackal. The jackal closely misses you.
The jackal completely misses you.
The endoplasm hits you but does no damage.
You hit the jackal but do no damage.
The jackal looks as sick as possible!
You constrict the jackal. The jackal misses you. The jackal bites you.
The endoplasm hits you.
The jackal bites you but does no damage.
The jackal barely misses you. The jackal completely misses you.
HP[-3]
You take 3 damage, and now have 7/11 hp.
MASSIVE DAMAGE!! (PAUSE)
You are too injured to fight recklessly!
You are too injured to fight recklessly!
You are too injured to fight recklessly!
You are too injured to fight recklessly!
You are too injured to fight recklessly!
You are too injured to fight recklessly!
You are too injured to fight recklessly!
You are too injured to fight recklessly!
You are too injured to fight recklessly!
You are too injured to fight recklessly!
You are too injured to fight recklessly!
You are too injured to fight recklessly!
You are too injured to fight recklessly!
You are too injured to fight recklessly!
You are too injured to fight recklessly!
You are too injured to fight recklessly!
You are too injured to fight recklessly!
You are too injured to fight recklessly!
You puncture the jackal!
You kill the jackal!
The endoplasm completely misses you. The jackal barely misses you.
The jackal closely misses you. The giant cockroach misses you.
You have reached level 2!
HP[+4] MP[+2]
You now have 17 max hp (+6).
You regained 4 hp, and now have 11/17 hp.
Your mp is fully restored (5).
You barely miss the endoplasm. Your squeeze misses the endoplasm.
The jackal bites you. x2
* * * LOW HITPOINT WARNING * * *
The endoplasm completely misses you. The giant cockroach misses you.
HP[-3]
You take 3 damage, and now have 8/17 hp.
You hit the endoplasm but do no damage. You squeeze the endoplasm.
You kill the endoplasm!
The jackal bites you.
* * * LOW HITPOINT WARNING * * *
The jackal misses you. The giant cockroach bites you.
* * * LOW HITPOINT WARNING * * *
The jackal bites you.
* * * LOW HITPOINT WARNING * * *
The jackal bites you but does no damage.
HP[-3]
You take 3 damage, and now have 5/17 hp.
You hit the jackal.
The jackal is poisoned.
You grab the jackal. Your squeeze misses the jackal. You constrict the jackal.
You kill the jackal!
The jackal bites you.
* * * LOW HITPOINT WARNING * * *
The giant cockroach closely misses you. The endoplasm hits you.
* * * LOW HITPOINT WARNING * * *
HP[-3]
You take 3 damage, and now have 2/17 hp.
You hit the jackal.
You kill the jackal!
The giant cockroach barely misses you. The endoplasm freezes you.
You are frozen.
You die...

Action                   || total
-------------------------++-------
Melee: Dagger            ||     9
       Unarmed           ||     4
       Constrict         ||     4
       Tentacles         ||     2
 Cast: Sandblast         ||     4
 Stab: Sleeping          ||     2
Armor: Skin              ||     3
Dodge: Dodged            ||    17

Levels and vault maps discovered:
D:1:      mushboom_english_gardens, layout_rooms, shapermc_ecumenical_altar_gd

Notes
Turn   | Place    | Note
-------+----------+-------------------------------------------
     0 | D:1      | zeratav the Octopode Earth Elementalist began the quest for
                  | the Orb.
     0 | D:1      | Reached XP level 1. HP: 11/11 MP: 3/3
     0 | D:1      | magus.rc [v1.9.6]
   178 | D:1      | HP: 2/11 [poisoned by a kobold]
   524 | D:1      | Reached XP level 2. HP: 11/17 MP: 5/5
   526 | D:1      | HP: 3/17 [jackal (2)]
   527 | D:1      | Frozen to death by an endoplasm

Vanquished Creatures
  2 endoplasms (D:1)
  3 jackals (D:1)
  A kobold (D:1)
  2 frilled lizards (D:1)
  2 goblins (D:1)
10 creatures vanquished.

Table legend:
 A = Non-vault XP
 B = Vault XP
 C = Vault XP percentage of total XP
 D = Non-vault monster count
 E = Vault monster count
 F = Vault count percentage of total count
                 A         B        C        D         E       F
            +---------+---------+-------+---------+---------+-------
      Total |      17 |       0 |   0.0 |      10 |       0 |   0.0
            +---------+---------+-------+---------+---------+-------
        D:1 |      17 |       0 |   0.0 |      10 |       0 |   0.0
            +---------+---------+-------+---------+---------+-------

Illustrated notes

Table legend:
 A = Kills in this place as a percentage of kills in entire the game.
 B = Kills by you in this place as a percentage of kills by you in the entire game.
 C = Kills by friends in this place as a percentage of kills by friends in the entire game.
 D = Other kills in this place as a percentage of other kills in the entire game.
 E = Experience gained in this place as a percentage of experience gained in the entire game.
 F = Experience gained in this place divided by the number of levels of this place that you have seen.
                   A       B       C       D       E      F
               +-------+-------+-------+-------+-------+----------------------
         Total | 100.0 | 100.0 |   N/A |   N/A | 100.0 |  17.0
       Dungeon | 100.0 | 100.0 |   N/A |   N/A | 100.0 |  17.0
               +-------+-------+-------+-------+-------+----------------------

Table legend: (Time is in decaauts)
 A = Elapsed time spent in this place.
 B = Non-inter-level travel time spent in this place.
 C = Inter-level travel time spent in this place.
 D = Time resting spent in this place.
 E = Time spent auto-exploring this place.
 F = Levels seen in this place.
 G = Mean time per level.
                   A        B        C        D        E       F      G
               +--------+--------+--------+--------+--------+-----+--------+
         Total |    526 |    526 |      0 |      0 |    471 |   1 |  526.0 |
       Dungeon |    526 |    526 |      0 |      0 |    471 |   1 |  526.0 |
               +--------+--------+--------+--------+--------+-----+--------+

Top non-repeatable levels by time:
     D:1: 526 daAuts
